 Dungeon Crawl Stone Soup version 0.24.0-123-gd5b16e6ec5 (webtiles) character file.

Game seed: 15812504731845242557, levelgen mode: deterministic

43 Descartes the Skirmisher (level 3, -7/30 HPs)
             Began as a Formicid Abyssal Knight on Dec 25, 2019.
             Was a Follower of Lugonu.
             Mangled by a worm (10 damage)
             ... on level 2 of the Dungeon.
             The game lasted 00:05:34 (1371 turns).

Descartes the Skirmisher (Formicid Abyssal Knight)  Turns: 1371, Time: 00:05:35

Health: -7/30      AC:  3    Str: 16 (17) XL:     3   Next: 82%
Magic:  4/4        EV:  8    Int: 10 (11) God:    Lugonu [*.....]
Gold:   125        SH:  6    Dex:  7 (10) Spells: 2/2 levels left

rFire    . . .     SeeInvis +   a - +1 hand axe
rCold    . . .     Gourm    .   k - +0 shield
rNeg     . . .     Faith    .   b - +0 leather armour
rPois    .         Spirit   .   (helmet unavailable)
rElec    .         Reflect  .   (no cloak)
rCorr    .         Harm     .   (no gloves)
MR       .....                  (no boots)
Stlth    +.........             (no amulet)
HPRegen  0.10/turn              (no ring)
MPRegen  0.09/turn              (no ring)

@: no status effects
A: permanent stasis, dig shafts and tunnels, four strong arms, antennae 3
a: Dig, Shaft Self, Depart the Abyss, Renounce Religion


You were on level 2 of the Dungeon.
You worshipped Lugonu.
Lugonu was aware of your devotion.
You were not hungry.

You visited 1 branch of the dungeon, and saw 2 of its levels.
You visited the Abyss 1 time.

You collected 125 gold pieces.

Inventory:

Hand Weapons
 a - a +1 hand axe (weapon)
 g - a +0 mace
Missiles
 e - 2 throwing nets (quivered)
 i - 59 stones
 l - 21 bolts
 n - 19 sling bullets
Armour
 b - a +0 leather armour (worn)
 k - a +0 shield (worn)
Scrolls
 d - a scroll of noise {unknown}
 j - 3 scrolls of remove curse {unknown}
 m - a scroll of immolation {unknown}
 o - a scroll of amnesia {unknown}
Potions
 h - a potion of might {unknown}
Comestibles
 c - 5 rations
 f - 7 chunks of flesh


   Skills:
 + Level 4.2 Fighting
 + Level 2.5 Axes
 + Level 2.3 Armour
 + Level 1.1 Dodging
 + Level 2.2 Invocations


You had 2 spell levels left.
You didn't know any spells.
Your spell library was empty.

Dungeon Overview and Level Annotations

Branches:
Dungeon (2/15)

Altars:


Innate Abilities, Weirdness & Mutations

You cannot be hasted, slowed, berserked, paralysed or teleported.
You can dig through walls and to a lower floor.
Your four strong arms can wield two-handed weapons with a shield.
You have a pair of large antennae on your head. (SInv)


Message History

The worm is heavily wounded.
You block the worm's attack.
You barely miss the worm.
The worm is moderately wounded.
The worm bites you!
You are too injured to fight recklessly!
You hit the worm.
The worm is moderately wounded.
The worm bites you.
* * * LOW HITPOINT WARNING * * *
You hit the worm.
The worm is heavily wounded.
Your shield prevents you from hitting the worm.
The worm is heavily wounded.
The worm bites you.
* * * LOW HITPOINT WARNING * * *
Your shield and leather armour prevent you from hitting the worm.
The worm is heavily wounded.
The worm bites you!
You die...

####### .....?.
....... .......
####.(...$>
###?.@w......
#...##>...... #...#
....... .
#[..#####<..# .#
#.......# #.###.#
#.......# #.#...# ..
#.#.....# ...#.# ...
...##....####..#.#....
#.## #.......#....#..#


You could see a worm.

Vanquished Creatures
  A worm (D:2)
  A dart slug (D:2)
  A leopard gecko (D:1)
  2 giant cockroaches (D:1)
  8 goblins
  3 hobgoblins (D:2)
  3 jackals (D:2)
  5 kobolds
  A ball python (D:1)
  5 bats
  5 frilled lizards
  4 rats
39 creatures vanquished.

Notes
Turn   | Place    | Note
-------+----------+-------------------------------------------
     0 | Abyss:1  | Descartes the Formicid Abyssal Knight began the quest for
                  | the Orb.
     0 | Abyss:1  | Reached XP level 1. HP: 18/18 MP: 2/2
    78 | Abyss:2  | Noticed a large abomination
   134 | Abyss:3  | Noticed an ice dragon simulacrum
   160 | Abyss:3  | Noticed an orange demon
   177 | Abyss:3  | Noticed a neqoxec
   193 | Abyss:3  | Noticed a bone dragon
   194 | Abyss:3  | Noticed a thrashing horror
   195 | D:1      | Escaped the Abyss
   398 | D:1      | Reached * piety under Lugonu
   398 | D:1      | Reached XP level 2. HP: 13/25 MP: 3/3
   625 | D:1      | Reached skill level 4 in Fighting
   727 | D:1      | Reached XP level 3. HP: 8/30 MP: 4/4
  1092 | D:2      | Reached skill level 1 in Dodging
  1371 | D:2      | Mangled by a worm

Levels and vault maps discovered:
D:1:      scummos_arrival_forest, layout_basic
D:2:      layout_rooms, nicolae_ru_sacrificial_ziggurat

Skill      XL: |  1  2  3 |
---------------+----------+-----
Fighting       | 4 |  4.2
Dodging        | 1 |  1.1
Axes           | |  2.5
Armour         | |  2.3
Invocations    | |  2.2

Action                   || total
-------------------------++-------
Melee: Hand axe          ||   114
Invok: Depart the Abyss  ||     1
 Abil: Dig               ||    11
  Use: Potion            ||     1
  Eat: Chunk             ||     2
Armor: Leather armour    ||    41
Dodge: Dodged            ||    79
Block: Shield            ||    10
